TOP OF THE 1ST |
---|
Maui Tropics batting - Pitching for San Francisco Bandits : RHP Tim Murray | Pitching: RHP Tim Murray | | Batting: RHB Roberto Gómez | 0-0: Called Strike 0-1: Called Strike 0-2: Foul Ball, location: 2F 0-2: Ball 1-2: Foul Ball, location: 2F 1-2: Foul Ball, location: 2F 1-2: Ball 2-2: Ball 3-2: Foul Ball, location: 2F 3-2: Fly out, F7 (Line Drive, 78D) | Batting: LHB Dave Cook | 0-0: Fly out, F9 (Flyball, 9LD) | Batting: RHB Jesús Espinoza | 0-0: Foul Ball, location: 2F 0-1: Ball 1-1: Swinging Strike 1-2: SINGLE (Groundball, 34D) | Batting: RHB Luis Alou | 0-0: Fielders Choice at 2nd, U4 (Groundball, 4M) | Top of the 1st over - 0 runs, 1 hit, 0 errors, 1 left on base; Maui 0 - San Francisco 0 | BOTTOM OF THE 1ST |
---|
San Francisco Bandits batting - Pitching for Maui Tropics : RHP José Ortíz | Pitching: RHP José Ortíz | | Batting: RHB Glenn Melican | 0-0: SINGLE (Groundball, 4D) | Batting: RHB José Hernández | 0-0: Ball 1-0: Fly out, F8 (Flyball, 89S) | Batting: LHB Chris Austin | 0-0: Ball Glenn Melican steals 2nd base 1-0: Swinging Strike 1-1: Swinging Strike 1-2: SINGLE (Line Drive, 8LS) Glenn Melican to third | Batting: LHB Alan McGilroy | 0-0: Fly out, F7 (Flyball, 7) Throwing error, E7 Glenn Melican scores Chris Austin to second | Batting: RHB Michael Elliott | 0-0: Called Strike 0-1: Ball 1-1: Called Strike 1-2: Ball 2-2: Strikes out swinging | Bottom of the 1st over - 1 run, 2 hits, 1 error, 1 left on base; Maui 0 - San Francisco 1 | TOP OF THE 2ND |
---|
Maui Tropics batting - Pitching for San Francisco Bandits : RHP Tim Murray | Batting: LHB José Rivas | 0-0: Fly out, F5 (Popup, 5S) | Batting: RHB Michael Woodruff | 0-0: Ball 1-0: Swinging Strike 1-1: Ball 2-1: Called Strike 2-2: Strikes out swinging | Batting: LHB Ernesto López | 0-0: SINGLE (Flyball, 8RS) | Batting: RHB Matt Silver | 0-0: Ball Throwing error on steal attempt, E2 Ernesto López to third 1-0: Ball 2-0: Swinging Strike 2-1: SINGLE (Flyball, 7LS) Ernesto López scores | Batting: RHB Bo Vickers | 0-0: Ball Matt Silver steals 2nd base 1-0: Ground out 6-3 (Groundball, 6M) | Top of the 2nd over - 1 run, 2 hits, 1 error, 1 left on base; Maui 1 - San Francisco 1 | BOTTOM OF THE 2ND |
---|
San Francisco Bandits batting - Pitching for Maui Tropics : RHP José Ortíz | Batting: RHB Owen Carter | 0-0: Foul Ball, location: 2F 0-1: Ball 1-1: Hit by Pitch | Batting: RHB Scott Merritt | 0-0: Ball 1-0: Ball 2-0: Called Strike 2-1: Swinging Strike 2-2: Strikes out swinging | Batting: RHB Naomichi Aoki | 0-0: Ball 1-0: Fly out, F9 (Flyball, 9S) | Batting: RHB David Crespo | 0-0: SINGLE (Groundball, 6D) Owen Carter to second | Batting: RHB Glenn Melican | 0-0: Called Strike 0-1: Foul Ball, location: 2F 0-2: Ball 1-2: Strikes out swinging | Bottom of the 2nd over - 0 runs, 1 hit, 0 errors, 2 left on base; Maui 1 - San Francisco 1 | TOP OF THE 3RD |
---|
Maui Tropics batting - Pitching for San Francisco Bandits : RHP Tim Murray | Batting: RHB Roberto Gómez | 0-0: Ball 1-0: DOUBLE (Groundball, 5L) | Batting: LHB Dave Cook | 0-0: Called Strike 0-1: Ball 1-1: Foul Ball, location: 2F 1-2: Ground out U3 (Groundball, 3D) Roberto Gómez to third | Batting: RHB Jesús Espinoza | 0-0: Ball 1-0: Ball 2-0: Ball 3-0: Base on Balls | Batting: RHB Luis Alou | 0-0: Ball 1-0: Called Strike 1-1: Swinging Strike 1-2: Fly out, F7 (Flyball, 7S) Throwing error, E7 Roberto Gómez scores Jesús Espinoza to second | Batting: LHB José Rivas | 0-0: DOUBLE (Groundball, 3L) Jesús Espinoza scores | Batting: RHB Michael Woodruff | 0-0: Ball 1-0: Ball 2-0: Ball 3-0: Base on Balls | Batting: LHB Ernesto López | 0-0: 3-RUN HOME RUN (Flyball, 7D), Distance : 374 ft | Batting: RHB Matt Silver | 0-0: Called Strike 0-1: Called Strike 0-2: SINGLE (Groundball, 56S) (infield hit) | Batting: RHB Bo Vickers | 0-0: Ball Matt Silver steals 2nd base 1-0: Ball 2-0: Foul Ball, location: 2F 2-1: Swinging Strike 2-2: Fly out, F7 (Flyball, 7S) | Top of the 3rd over - 5 runs, 4 hits, 1 error, 1 left on base; Maui 6 - San Francisco 1 | BOTTOM OF THE 3RD |
---|
San Francisco Bandits batting - Pitching for Maui Tropics : RHP José Ortíz | Batting: RHB José Hernández | 0-0: Called Strike 0-1: Ball 1-1: Ball 2-1: Foul Ball, location: 2F 2-2: Strikes out swinging | Batting: LHB Chris Austin | 0-0: Foul Ball, location: 2F 0-1: Ball 1-1: Foul Ball, location: 2F 1-2: Fly out, F7 (Flyball, 7LMF) | Batting: LHB Alan McGilroy | 0-0: Ball 1-0: Ball 2-0: Called Strike 2-1: Swinging Strike 2-2: Ground out U3 (Groundball, 34) | Bottom of the 3rd over - 0 runs, 0 hits, 0 errors, 0 left on base; Maui 6 - San Francisco 1 | TOP OF THE 4TH |
---|
Maui Tropics batting - Pitching for San Francisco Bandits : RHP Tim Murray | Batting: RHB Roberto Gómez | 0-0: Ball 1-0: Ball 2-0: Ball 3-0: Base on Balls | Batting: LHB Dave Cook | 0-0: Ball 1-0: Ball 2-0: Called Strike Roberto Gómez steals 2nd base 2-1: Foul Ball, location: 2F 2-2: Ball 3-2: Base on Balls | Batting: RHB Jesús Espinoza | 0-0: Ball 1-0: Foul Ball, location: 2F 1-1: Ball 2-1: Called Strike Roberto Gómez steals 3rd base 2-2: Ball 3-2: Fly out, F7 (Flyball, 7S) | Batting: RHB Luis Alou | 0-0: SINGLE (Groundball, 6D) Roberto Gómez scores Dave Cook to second | Batting: LHB José Rivas | 0-0: Foul Ball, location: 2F 0-1: Reached via error on a dropped throw, E4 Dave Cook to third Luis Alou to second | Batting: RHB Michael Woodruff | 0-0: Called Strike 0-1: SINGLE (Groundball, 56D) Dave Cook scores Luis Alou to third José Rivas to second | Batting: LHB Ernesto López | 0-0: Ball 1-0: Ball 2-0: Called Strike 2-1: Fielders Choice at 2nd, 5-4 (Groundball, 56) Luis Alou scores José Rivas to third | Batting: RHB Matt Silver | 0-0: Ball 1-0: Foul Ball, location: 2F 1-1: Ball 2-1: Fielders Choice at 2nd, 5-4 (Groundball, 56) | Top of the 4th over - 3 runs, 2 hits, 1 error, 2 left on base; Maui 9 - San Francisco 1 | BOTTOM OF THE 4TH |
---|
San Francisco Bandits batting - Pitching for Maui Tropics : RHP José Ortíz | Batting: RHB Michael Elliott | 0-0: SINGLE (Groundball, 56D) | Batting: RHB Owen Carter | 0-0: Ball 1-0: Foul Ball, location: 2F 1-1: Fly out, F1 (Line Drive, 13) | Batting: RHB Scott Merritt | 0-0: Called Strike 0-1: Ball 1-1: Ball 2-1: Foul Ball, location: 2F 2-2: TRIPLE (Flyball, 8LXD) Michael Elliott scores | Batting: RHB Naomichi Aoki | 0-0: Ball 1-0: Ball 2-0: Called Strike 2-1: Ball 3-1: Base on Balls | Batting: RHB David Crespo | 0-0: Foul Ball, location: 2F 0-1: Swinging Strike 0-2: Strikes out looking | Batting: RHB Glenn Melican | 0-0: Ball 1-0: Swinging Strike 1-1: Ball 2-1: DOUBLE (Line Drive, 9LM) Scott Merritt scores Naomichi Aoki to third | Batting: RHB José Hernández | 0-0: Foul Ball, location: 2F 0-1: Ball 1-1: Ground out 5-3 (Groundball, 56) | Bottom of the 4th over - 2 runs, 3 hits, 0 errors, 2 left on base; Maui 9 - San Francisco 3 | TOP OF THE 5TH |
---|
Maui Tropics batting - Pitching for San Francisco Bandits : RHP Tim Murray | Pitching: RHP Alfonso Martínez | | Batting: RHB Bo Vickers | 0-0: Ball 1-0: Called Strike 1-1: Ball 2-1: Swinging Strike 2-2: SINGLE (Line Drive, 8LS) | Batting: RHB Roberto Gómez | 0-0: Called Strike 0-1: Ball 1-1: Foul Ball, location: 2F 1-2: Ball 2-2: SINGLE (Groundball, 34) (infield hit) Bo Vickers to second | Batting: LHB Dave Cook | 0-0: DOUBLE (Flyball, 8RXD) Bo Vickers scores Roberto Gómez to third Runner from 3rd tries for Home, SAFE, no throw | Batting: RHB Jesús Espinoza | 0-0: Ball 1-0: Ground out 6-3 (Groundball, 6) | Batting: RHB Luis Alou | 0-0: TRIPLE (Line Drive, 89XD) Dave Cook scores | Batting: LHB José Rivas | 0-0: Swinging Strike 0-1: Called Strike 0-2: Ball 1-2: Ball 2-2: Strikes out swinging | Batting: RHB Michael Woodruff | 0-0: Called Strike 0-1: Swinging Strike 0-2: Strikes out looking | Top of the 5th over - 3 runs, 4 hits, 0 errors, 1 left on base; Maui 12 - San Francisco 3 | BOTTOM OF THE 5TH |
---|
San Francisco Bandits batting - Pitching for Maui Tropics : RHP José Ortíz | Batting: LHB Chris Austin | 0-0: Ball 1-0: Foul Ball, location: 2F 1-1: Swinging Strike 1-2: Ball 2-2: Foul Ball, location: 2F 2-2: Ground out U3 (Groundball, 34S) | Batting: LHB Alan McGilroy | 0-0: Foul Ball, location: 2F 0-1: Fly out, F8 (Flyball, 8RM) | Batting: RHB Michael Elliott | 0-0: Called Strike 0-1: Swinging Strike 0-2: Strikes out swinging | Bottom of the 5th over - 0 runs, 0 hits, 0 errors, 0 left on base; Maui 12 - San Francisco 3 | TOP OF THE 6TH |
---|
Maui Tropics batting - Pitching for San Francisco Bandits : RHP Alfonso Martínez | Batting: LHB Ernesto López | 0-0: Ball 1-0: Ball 2-0: Ball 3-0: Base on Balls | Batting: RHB Matt Silver | 0-0: Ball Ernesto López is caught stealing 2nd base 1-0: Ball 2-0: Ground out 4-3 (Groundball, 4) | Batting: RHB Bo Vickers | 0-0: Ball 1-0: Ball 2-0: Swinging Strike 2-1: TRIPLE (Flyball, 9D) | Batting: RHB Roberto Gómez | 0-0: Swinging Strike 0-1: Swinging Strike 0-2: Strikes out swinging, 2-3 out at first. | Top of the 6th over - 0 runs, 1 hit, 0 errors, 1 left on base; Maui 12 - San Francisco 3 | BOTTOM OF THE 6TH |
---|
San Francisco Bandits batting - Pitching for Maui Tropics : RHP José Ortíz | Batting: RHB Owen Carter | 0-0: Ball 1-0: Swinging Strike 1-1: DOUBLE (Line Drive, 78S) | Pinch Runner at 2nd Anacleto Morillo: | | Batting: RHB Scott Merritt | 0-0: Foul Ball, location: 2F 0-1: Ball 1-1: Foul Ball, location: 2F 1-2: Foul Ball, location: 2F 1-2: Ground out 6-3 (Groundball, 6) | Batting: RHB Naomichi Aoki | 0-0: Called Strike 0-1: Swinging Strike 0-2: Ball 1-2: Ball 2-2: Foul Ball, location: 2F 2-2: Strikes out looking | Batting: RHB David Crespo | 0-0: Called Strike 0-1: Ball 1-1: Ground out 6-3 (Groundball, 6) | Bottom of the 6th over - 0 runs, 1 hit, 0 errors, 1 left on base; Maui 12 - San Francisco 3 | TOP OF THE 7TH |
---|
Maui Tropics batting - Pitching for San Francisco Bandits : RHP Alfonso Martínez | Now in LF: Anacleto Morillo | | Batting: LHB Dave Cook | 0-0: Called Strike 0-1: Ball 1-1: Foul Ball, location: 2F 1-2: Ground out 6-3 (Groundball, 6) | Batting: RHB Jesús Espinoza | 0-0: SINGLE (Groundball, 6MD) | Pitching: RHP Carlos Ledezma | | Batting: RHB Luis Alou | 0-0: Ball 1-0: Foul Ball, location: 2F 1-1: Swinging Strike 1-2: Foul Ball, location: 2F 1-2: Strikes out swinging | Batting: LHB José Rivas | 0-0: Called Strike 0-1: Ball 1-1: Ball 2-1: Ball 3-1: Foul Ball, location: 2F 3-2: Base on Balls Jesús Espinoza to second | Batting: RHB Michael Woodruff | 0-0: Called Strike 0-1: Swinging Strike 0-2: Foul Ball, location: 2F 0-2: Strikes out looking | Top of the 7th over - 0 runs, 1 hit, 0 errors, 2 left on base; Maui 12 - San Francisco 3 | BOTTOM OF THE 7TH |
---|
San Francisco Bandits batting - Pitching for Maui Tropics : RHP José Ortíz | Batting: RHB Glenn Melican | 0-0: Called Strike 0-1: Ground out 5-3 (Groundball, 56) | Batting: RHB José Hernández | 0-0: Called Strike 0-1: Ball 1-1: Ground out 4-3 (Groundball, 4) | Batting: LHB Chris Austin | 0-0: SOLO HOME RUN (Flyball, 9LD), Distance : 417 ft | Batting: LHB Alan McGilroy | 0-0: Ball 1-0: Foul Ball, location: 2F 1-1: Ball 2-1: Ball 3-1: Base on Balls | Batting: RHB Michael Elliott | 0-0: Called Strike 0-1: Ball 1-1: Foul Ball, location: 2F 1-2: Ball 2-2: Foul Ball, location: 2F 2-2: DOUBLE (Line Drive, 89D) Alan McGilroy to third | Batting: LHB Anacleto Morillo | 0-0: Called Strike 0-1: Called Strike 0-2: SINGLE (Popup, 5D) Alan McGilroy scores Michael Elliott to third Runner from 3rd tries for Home, SAFE, no throw | Pitching: RHP Denny Green | | Batting: RHB Scott Merritt | 0-0: Called Strike 0-1: Foul Ball, location: 2F 0-2: Ball 1-2: Ball 2-2: Ball 3-2: Foul Ball, location: 2F 3-2: Foul Ball, location: 2F 3-2: SINGLE (Flyball, 7LM) Anacleto Morillo to second Anacleto Morillo to third | Batting: RHB Naomichi Aoki | 0-0: Ball 1-0: Swinging Strike 1-1: Ball 2-1: Foul Ball, location: 2F 2-2: Strikes out swinging | Bottom of the 7th over - 3 runs, 4 hits, 0 errors, 2 left on base; Maui 12 - San Francisco 6 | TOP OF THE 8TH |
---|
Maui Tropics batting - Pitching for San Francisco Bandits : RHP Carlos Ledezma | Batting: LHB Ernesto López | 0-0: Foul Ball, location: 2F 0-1: Foul Ball, location: 2F 0-2: Ball 1-2: Ball 2-2: Ball 3-2: SINGLE (Groundball, 3D) | Batting: RHB Matt Silver | 0-0: Foul Ball, location: 2F 0-1: Called Strike 0-2: SINGLE (Groundball, 56) (infield hit) Ernesto López to second | Batting: RHB Bo Vickers | 0-0: Ball 1-0: Called Strike 1-1: Called Strike Throwing error on steal attempt, E2 Ernesto López scores Matt Silver to third 1-2: Ball 2-2: SINGLE (Groundball, 56D) Matt Silver scores | Batting: RHB Roberto Gómez | 0-0: Ball 1-0: Fielders Choice at 2nd, 6-4 (Groundball, 6) | Batting: LHB Dave Cook | 0-0: Ball 1-0: Called Strike 1-1: Foul Ball, location: 2F 1-2: Foul Ball, location: 2F 1-2: Foul Ball, location: 2F 1-2: Ball Roberto Gómez steals 2nd base 2-2: Ground out 1-3 (Groundball, 15S) | Batting: RHB Jesús Espinoza | 0-0: Ball 1-0: Ground out 4-3 (Groundball, 34) | Top of the 8th over - 2 runs, 3 hits, 1 error, 1 left on base; Maui 14 - San Francisco 6 | BOTTOM OF THE 8TH |
---|
San Francisco Bandits batting - Pitching for Maui Tropics : RHP Denny Green | Now in CF: Don Hull | | Batting: RHB David Crespo | 0-0: Ground out 5-3 (Groundball, 5L) | Batting: RHB Glenn Melican | 0-0: Ball 1-0: Ground out 4-3 (Groundball, 4) | Batting: RHB José Hernández | 0-0: Called Strike 0-1: Called Strike 0-2: Ball 1-2: Foul Ball, location: 2F 1-2: Foul Ball, location: 2F 1-2: DOUBLE (Groundball, 5L) | Batting: LHB Chris Austin | 0-0: Ball 1-0: Ball 2-0: Ball 3-0: Called Strike 3-1: Base on Balls | Batting: LHB Alan McGilroy | 0-0: Ball 1-0: Ground out 4-3 (Groundball, 34) | Bottom of the 8th over - 0 runs, 1 hit, 0 errors, 2 left on base; Maui 14 - San Francisco 6 | TOP OF THE 9TH |
---|
Maui Tropics batting - Pitching for San Francisco Bandits : RHP Carlos Ledezma | Batting: RHB Luis Alou | 0-0: Ball 1-0: SINGLE (Line Drive, 4D) | Batting: LHB José Rivas | 0-0: Swinging Strike 0-1: Ball 1-1: Swinging Strike 1-2: Ball 2-2: Foul Ball, location: 2F 2-2: Fielders Choice at 2nd, 3-6 (Groundball, 34) | Batting: RHB Michael Woodruff | 0-0: Swinging Strike 0-1: Swinging Strike 0-2: Strikes out looking | Batting: LHB Ernesto López | 0-0: Called Strike 0-1: Ball 1-1: Called Strike 1-2: Strikes out looking | Top of the 9th over - 0 runs, 1 hit, 0 errors, 1 left on base; Maui 14 - San Francisco 6 | BOTTOM OF THE 9TH |
---|
San Francisco Bandits batting - Pitching for Maui Tropics : RHP Denny Green | Batting: RHB Michael Elliott | 0-0: Called Strike 0-1: Ball 1-1: Ball 2-1: SOLO HOME RUN (Flyball, 7LD), Distance : 446 ft | Batting: LHB Anacleto Morillo | 0-0: Ball 1-0: Ball 2-0: Foul Ball, location: 2F 2-1: Foul Ball, location: 2F 2-2: Ball 3-2: Foul Ball, location: 2F 3-2: Foul Ball, location: 2F 3-2: Foul Ball, location: 2F 3-2: Base on Balls | Batting: RHB Scott Merritt | 0-0: Ground out 5-3 (Groundball, 56S) Anacleto Morillo to second | Batting: RHB Naomichi Aoki | 0-0: Ball 1-0: Ground out 5-3 (Groundball, 5S) Anacleto Morillo to third | Batting: RHB David Crespo | 0-0: Called Strike 0-1: Swinging Strike 0-2: Ball 1-2: Strikes out swinging | Bottom of the 9th over - 1 run, 1 hit, 0 errors, 1 left on base; Maui 14 - San Francisco 7 | |